 Dungeon Crawl Stone Soup version 0.32-a0-39-g5c88369fb2 (webtiles) character file.

Game seed: 4077325252325593106

211750 zordking the Warrior (level 18, -6/160 HPs)
             Began as a Barachi Fighter on Apr 16, 2023.
             Was the Champion of Cheibriados.
             Killed from afar by a salamander tyrant (34 damage)
             ... on level 3 of the Snake Pit on Jan 31, 2024.
             The game lasted 03:23:12 (39636 turns).

zordking the Warrior (Barachi Fighter)             Turns: 39636, Time: 03:23:13

Health: -6/160     AC: 21    Str: 41    XL:     18   Next: 90%
Magic:  24/32      EV: 24    Int: 30    God:    Cheibriados [******]
Gold:   1114       SH: 10    Dex: 32    Spells: 17/37 levels left

rFire   + . .        w - +9 hand axe (vamp)
rCold   + + +        g - +1 buckler of Quantum Leap {Str+4 Int+3 Stlth+}
rNeg    + . .        o - +6 ring mail "Zihixkuur" {Dex+3 Stlth+}
rPois   .            (no helmet)
rElec   .            Y - +2 cloak {rCorr}
rCorr   +            i - +0 pair of gloves
SInv    .            x - +1 pair of boots
Will    +....        M - amulet of magic regeneration
Stlth   +++          r - ring of the Illusory Portals {rF+ rC+++ rN+ Dex+2 Stlth-}
HPRegen 0.46/turn    F - ring of poison resistance
MPRegen 0.63/turn

%: no passive effects
@: lethally poisoned (-6 -> -13), weakened, fugue, poison vulnerable, unable to
hop, very slow
A: amphibious, slowness 1, strong legs 2, +LOS
}: 1/15 runes: decaying
a: Hop, Renounce Religion, Bend Time, Temporal Distortion, Slouch, Step From
Time


You were on level 3 of the Snake Pit.
You worshipped Cheibriados.
Cheibriados was exalted by your worship.
You visited 7 branches of the dungeon, and saw 31 of its levels.

You collected 3942 gold pieces.
You spent 2828 gold pieces at shops.

Inventory:

Hand Weapons
 s - the +8 war axe of Compassion {flame, Will+++ rCorr Str+4 Int-2}
   (You acquired it on level 10 of the Dungeon)

   Str+4:     It affects your strength (+4).
   Int-2:     It affects your intelligence (-2).
   Will+++:   It greatly increases your willpower.
   rCorr:     It protects you from acid and corrosion.
 v - a +4 vampiric broad axe
 w - a +9 vampiric hand axe (weapon)
Missiles
 k - 43 poisoned darts
Armour
 g - the +1 buckler of Quantum Leap (worn) {Str+4 Int+3 Stlth+}
   (You bought it in a shop on level 4 of the Dungeon)

   Str+4:     It affects your strength (+4).
   Int+3:     It affects your intelligence (+3).
   Stlth+:    It makes you more stealthy.
 i - a +0 pair of gloves (worn)
 o - the +6 ring mail "Zihixkuur" (worn) {Dex+3 Stlth+}
   (You bought it in a shop on level 4 of the Dungeon)

   Dex+3:     It affects your dexterity (+3).
   Stlth+:    It makes you more stealthy.
 x - a +1 pair of boots (worn)
 A - a +1 chain mail of willpower
 B - the +3 ring mail "Xitradif" {rElec Will+ Str+3}
   (You found it on level 4 of the Swamp)

   Str+3:     It affects your strength (+3).
   rElec:     It insulates you from electricity.
   Will+:     It increases your willpower.
 Y - a +2 cloak of preservation (worn)
Jewellery
 l - a ring of magical power
 r - the ring of the Illusory Portals (left hand) {rF+ rC+++ rN+ Dex+2 Stlth-}
   (You bought it in a shop on level 3 of the Dungeon)

   [ring of protection from fire]

   Dex+2:     It affects your dexterity (+2).
   rF+:       It protects you from fire.
   rC+++:     It renders you almost immune to cold.
   rN+:       It protects you from negative energy.
   Stlth-:    It makes you less stealthy.
 F - a ring of poison resistance (right hand)
 L - a ring of see invisible
 M - an amulet of magic regeneration (around neck)
 V - the amulet of Dunweak {rC+ Regen+ MP-9 Dex+2}
   (You found it on level 15 of the Dungeon)

   [amulet of regeneration]

   Dex+2:     It affects your dexterity (+2).
   rC+:       It protects you from cold.
   MP-9:      It affects your magic capacity (-9).
   Regen+:    It increases your rate of health regeneration.
Wands
 b - a wand of polymorph (14)
 d - a wand of flame (43)
 y - a wand of acid (4)
 Q - a wand of iceblast (23)
 R - a wand of paralysis (23)
 T - a wand of mindburst (29)
 U - a wand of digging (15)
Scrolls
 a - a scroll of revelation
 e - 2 scrolls of brand weapon
 j - 7 scrolls of immolation
 m - 2 scrolls of fear
 p - 2 scrolls of enchant armour
 q - 4 scrolls of teleportation
 t - 4 scrolls of vulnerability
 C - 3 scrolls of amnesia
 D - 3 scrolls of fog
 H - 6 scrolls of identify
 I - 2 scrolls of blinking
 K - a scroll of butterflies
 P - 5 scrolls of poison
Potions
 c - 2 potions of heal wounds
 f - 10 potions of curing
 h - 10 potions of brilliance
 n - 2 potions of invisibility
 u - 3 potions of lignification
 z - a potion of ambrosia
 E - 4 potions of mutation
 G - 2 potions of cancellation
 O - 2 potions of attraction
 S - 2 potions of might
 X - a potion of resistance
 Z - 3 potions of enlightenment
Miscellaneous
 J - a phantom mirror
 N - a box of beasts
 W - a phial of floods


   Skills:
 * Level 19.2 Fighting
 * Level 12.3 Axes
 + Level 13.6 Armour
 + Level 11.5 Dodging
 + Level 12.1 Shields
 + Level 10.4 Spellcasting
 - Level 10.0 Conjurations
 - Level 3.0 Necromancy
 - Level 4.0 Translocations
 + Level 10.5 Fire Magic
 - Level 6.2 Alchemy
 + Level 10.7 Invocations
 - Level 5.7 Shapeshifting


You had 17 spell levels left.
You knew the following spells:

 Your Spells              Type           Power      Damage    Failure   Level
a - Fugue of the Fallen   Necr           33%        N/A       3%          3
b - Fireball              Conj/Fire      33%        3d14      1%          5
c - Mephitic Cloud        Conj/Alch/Air  48%        N/A       1%          3
d - Teleport Other        Tloc           39%        N/A       2%          3
e - Starburst             Conj/Fire      33%        6d10      10%         6

Your spell library contained the following spells:

 Spells                   Type           Power      Damage    Failure   Level
 Apportation              Tloc           78%        N/A       1%          1
 Foxfire                  Conj/Fire      100%       2x1d9     1%          1
 Magic Dart               Conj           100%       1d8       1%          1
 Necrotise                Necr           100%       1d9       1%          1
 Lesser Beckoning         Tloc           78%        N/A       1%          2
 Scorch                   Fire           100%       2d9       1%          2
 Sublimation of Blood     Necr           33%        N/A       1%          2
 Inner Flame              Hex/Fire       47%        N/A       1%          3
 Flame Wave               Conj/Fire      67%        2d15      1%          4
 Gell's Gravitas          Tloc           39%        N/A       2%          3
 Slow                     Hex            60%        N/A       4%          1
 Summon Small Mammal      Summ           60%        N/A       4%          1
 Irradiate                Conj/Alch      29%        3d21      4%          5
 Portal Projectile        Hex/Tloc       54%        N/A       5%          3
 Call Imp                 Summ           30%        N/A       6%          2
 Animate Dead             Necr           33%        N/A       12%         4
 Leda's Liquefaction      Alch/Erth      17%        N/A       12%         4
 Call Canine Familiar     Summ           15%        N/A       13%         3
 Sigil of Binding         Hex            15%        N/A       13%         3
 Summon Ice Beast         Ice/Summ       15%        N/A       13%         3
 Dimensional Bullseye     Hex/Tloc       13%        N/A       19%         4
 Anguish                  Hex/Necr       12%        N/A       22%         4
 Animate Armour           Summ/Erth      30%        N/A       38%         4
 Plasma Beam              Fire/Air       23%        2x1d35    58%         6
 Bombard                  Conj/Erth      22%        9d4       63%         6
 Lee's Rapid Deconstruct  Erth           7%         3d7*      75%         5
 Ignition                 Fire           34%        3d10      98%         8
 Spellforged Servitor     Conj/Summ      22%        N/A       99%         7
 Summon Cactus Giant      Summ           7%         N/A       100%        6
 Enfeeble                 Hex            7%         N/A       100%        7
 Haunt                    Necr/Summ      12%        N/A       100%        7
 Summon Hydra             Summ           7%         N/A       100%        7
 Infestation              Necr           16%        N/A       100%        8


Dungeon Overview and Level Annotations

Branches:
Dungeon (15/15)            Temple (1/1) D:4            Lair (5/5) D:11
  Swamp (4/4) Lair:3        Snake (3/4) Lair:2        Slime (0/5) Lair:5
    Orc (2/2) D:9             Elf (0/3) Orc:2        Vaults (0/5) D:14
 Depths (1/4) D:15

Altars:
Ashenzari
Cheibriados
Dithmenos
Elyvilon
Fedhas
Gozag
Hepliaklqana
Kikubaaqudgha
Makhleb
Nemelex Xobeh
Okawaru
Qazlal
Ru
Sif Muna
Trog
Uskayaw
Vehumet
Wu Jian
Xom
Yredelemnul
Zin
The Shining One
Jiyva

Shops:
D:3 *   D:4 [:*[   D:10 ?   Orc:2 ([(*   Depths:1 =[*(**

Portals:
Hell: Depths:1
Pandemonium: Depths:1

Annotations:
D:2 1 runed translucent door, Crazy Yiuf
D:6 exclusion: 2 downstairs
D:8 exclusion: downstairs
D:9 exclusion: downstairs
D:15 Roxanne
Lair:3 3 runed translucent doors, wpisznazwe's ghost, journeyman DsGl
Lair:4 3 runed translucent doors, Haerphoy's ghost, journeyman MiFi
Lair:5 1 runed translucent door
Snake:1 exclusion: downstairs
Orc:1 2 transporters


Innate Abilities, Weirdness & Mutations

You are amphibious.
You cover ground slowly.
You can hop long distances.
You have an extended range of vision and can be seen from far away.


Message History

The arrow hits you but does no damage.
The shock serpent bites you but does no damage.
The naga ritualist closely misses you.
You barely miss the mana viper.
The mana viper is almost dead.
You barely miss the anaconda.
You hit the shock serpent but do no damage.
You hit the shock serpent.
You feel better.
You hit the salamander tyrant.
You feel better.
You hit the naga sharpshooter.
You feel better.
You feel very sick. The shock serpent barely misses you.
You block the mana viper's attack. The anaconda closely misses you.
The anaconda misses you.
The shock serpent shoots out a bolt of lightning at you!
The bolt of electricity hits you!! The bolt of electricity hits you!
The bolt of electricity misses the shock serpent.
The salamander tyrant hits you!
You are engulfed in flames!
You resist.
* * * LOW HITPOINT WARNING * * *
The naga sharpshooter shoots an arrow.
The arrow hits you.
* * * LOW HITPOINT WARNING * * *
The naga ritualist barely misses you.
Your magical contamination has completely faded away.
Okay, then.
Unknown command.
Unknown command.
Blink to where?
Press: ? - help, Dir - move target A naga comes into view.
It is wielding a +0 short sword.
As you read the scroll of blinking, it crumbles to dust.
* * * LOW HITPOINT WARNING * * *
You feel very sick.
* * * LOW HITPOINT WARNING * * *
You are more poisoned.
The naga spits poison at you. You block the splash of poison.
You feel better.
* * * LOW HITPOINT WARNING * * *
You are poisoned.
The salamander tyrant rends the earth beneath you!
The blast of magma engulfs you!! You partially resist.
You die...

.............#
#.NS.######)
#............#
#.....#SSN#≈≈#))#
############.#
.....S.###≈)≈#))# #..#
.. ..N# #.$.)##.
###########.####
.....# ##.##.≈.
.............#..#...N.
#.#. .##
......#......#...#..
#. .##.
.....#.......#..#.##
## #. ##
############## #@.# ##
#≈≈.# #####


You could see a salamander tyrant (strong), an anaconda, a naga ritualist (toxic
aura), 2 shock serpents, a mana viper and a naga (catching breath).

Vanquished Creatures
  the Lernaean hydra (Swamp:4)
  Mlioglotl (Snake:2)
  Aizul (Snake:1)
  A tengu reaver (Depths:1)
  A shadow dragon (Depths:1)
  2 thorn hunters (Swamp:2)
  2 nagarajas (Snake:3)
  2 fire giants (Depths:1)
  A frost giant (Depths:1)
  A balrug (Depths:1)
  5 stone giants (Depths:1)
  A very ugly thing (Depths:1)
  2 eleionomae
  Azrael (Snake:1)
  5 bunyips
  An ettin (Depths:1)
  A fire dragon (Lair:5)
  A shambling mangrove (Swamp:4)
  3 rakshasas
  16 hydras
  3 ghost crabs
  5 centaur warriors
  A salamander tyrant (Snake:3)
  An ice dragon (Depths:1)
  2 catoblepae
  2 ogre magi
  8 anacondas
  8 two-headed ogres
  9 alligators
  6 boulder beetles
  13 naga warriors
  A tengu warrior (D:14)
  2 naga sharpshooters (Snake:3)
  3 deep troll shamans (Depths:1)
  5 orc high priests (Orc:2)
  2 deep troll earth magi (Depths:1)
  5 shock serpents
  7 spriggans
  3 skysharks
  Sonja (Lair:5)
  A spriggan berserker (Depths:1)
  A fire crab (Lair:3)
  3 iron trolls (Depths:1)
  A salamander mystic (Snake:3)
  Lodul (D:10)
  A death drake (Swamp:4)
  A spriggan druid (Swamp:4)
  2 goliath frogs
  7 deep trolls (Depths:1)
  A glowing orange brain (Depths:1)
  4 bog bodies
  4 mana vipers
  17 swamp dragons
  Pikel (D:7)
  2 necromancers
  4 naga ritualists
  2 lindwurms (Lair:5)
  2 deep elf pyromancers
  2 deep elf zephyrmancers (D:15)
  5 orc knights
  6 will-o-the-wisps
  A wolf spider (D:15)
  13 ugly things
  8 salamanders (Snake:3)
  2 orc sorcerers
  A fire giant zombie (Depths:1)
  5 cyclopes
  4 manticores
  Maurice (D:10)
  22 elephants
  18 black mambas
  A centaur zombie (D:15)
  5 guardian serpents
  Joseph (D:9)
  A meliai (shapeshifter) (D:14)
  A smoke demon (Depths:1)
  A torpor snail (Lair:1)
  2 molten gargoyles (Lair:5)
  A hellion (Depths:1)
  7 naga magi
  2 unseen horrors
  12 cane toads
  Maggie (D:9)
  2 kobold demonologists
  A rime drake (shapeshifter) (D:14)
  2 centaur skeletons (D:15)
  10 komodo dragons
  7 rime drakes
  3 yaktaurs (D:15)
  A spriggan skeleton (Depths:1)
  2 freezing wraiths (D:14)
  2 tengu conjurers
  11 meliai
  9 trolls
  A queen bee (Lair:4)
  A polar bear (Lair:2)
  7 tyrant leeches
  9 hornets
  A harpy skeleton (D:15)
  19 blink frogs
  A raiju (shapeshifter) (D:15)
  4 dream sheep (Lair:1)
  2 spriggan zombies (Depths:1)
  An iron dragon simulacrum (Depths:1)
  Sigmund (D:4)
  An air elemental (D:13)
  17 slime creatures
  2 shadows
  3 wraiths
  8 basilisks
  A vampire (D:14)
  2 water elementals
  7 wyverns
  2 fire elementals (Snake:1)
  57 yaks
  Grum (D:9)
  2 steam dragons
  11 vampire mosquitoes
  4 wargs
  20 swamp worms
  25 nagas
  14 water moccasins
  2 acid dragons
  8 hell hounds
  6 swamp drakes (Swamp:4)
  3 sky beasts (D:13)
  3 black bears
  4 ice beasts
  19 ogres
  35 orc warriors
  12 wolves
  4 centaurs
  2 lemures
  A phantom (D:7)
  2 kobold brigands (D:10)
  12 bullfrogs
  3 gnoll sergeants
  2 scorpions
  15 wights
  46 killer bees
  6 howler monkeys
  2 electric eels (Lair:2)
  5 lava snakes (Lair:5)
  A crimson imp (D:5)
  2 hounds
  5 jellies
  28 orc priests
  A gnoll bouda (D:9)
  A boggart zombie (D:15)
  An iguana (D:6)
  2 sleepcaps
  Natasha (thrice) (D:4)
  14 orc wizards
  A hell rat (Lair:4)
  24 gnolls
  2 adders
  A shadow imp (D:7)
  3 ufetubi
  2 ribbon worms (D:2)
  A dart slug (D:4)
  80 orcs
  13 endoplasms
  3 giant cockroaches (D:1)
  3 goblins
  17 hobgoblins
  10 jackals
  23 kobolds
  3 quokkas
  5 ball pythons
  5 bats
  9 frilled lizards
  5 rats
1048 creatures vanquished.

Vanquished Creatures (collateral kills)
  2 ugly things (Depths:1)
  A meliai (D:15)
3 creatures vanquished.

Vanquished Creatures (others)
  A shock serpent (Snake:1)
  A mana viper (Snake:3)
  A spriggan druid (Swamp:3)
  A black mamba (Snake:3)
  2 bloated husks
  A tyrant leech (Swamp:1)
  A swamp drake (Swamp:1)
  An orc warrior (Orc:2)
  An orc wizard (Orc:2)
  28 foxfires
38 creatures vanquished.

Grand Total: 1089 creatures vanquished

Notes
Turn   | Place    | Note
-------+----------+-------------------------------------------
     0 | D:1      | zordking the Barachi Fighter began the quest for the Orb.
     0 | D:1      | Reached XP level 1. HP: 18/18 MP: 1/1
    35 | D:1      | Upgraded the game from 0.30-a0-1085-g990a428a5c to
                  | 0.30-a0-1113-ga8025317a9
   200 | D:1      | Reached XP level 2. HP: 25/25 MP: 2/2
   213 | D:1      | Got Sif Muna's Papyrus of the Gathering
   664 | D:1      | Found a faded altar of an unknown god.
   683 | D:1      | Reached skill level 4 in Fighting
   775 | D:1      | Reached XP level 3. HP: 24/30 MP: 3/3
  1468 | D:2      | Reached XP level 4. HP: 37/37 MP: 4/4
  1687 | D:2      | Found a runed translucent door.
  1688 | D:2      | Noticed Crazy Yiuf
  2130 | D:3      | Found Ximmued's Assorted Antiques.
  2133 | D:3      | Bought a translucent bronze ring for 135 gold pieces
  2133 | D:3      | Identified the ring of the Illusory Portals {rF+ rC+++ rN+
                  | Dex+2 Stlth-} (You bought it in a shop on level 3 of the
                  | Dungeon)
  2163 | D:3      | Reached XP level 5. HP: 43/43 MP: 5/5
  2224 | D:3      | Learned a level 3 spell: Fugue of the Fallen
  2407 | D:4      | Found Xygeco's Assorted Antiques.
  2407 | D:4      | Found Qaizxuho's Armour Boutique.
  2411 | D:4      | Found Xigyzal's Book Boutique.
  2411 | D:4      | Found Luorreum's Antique Armour Boutique.
  2411 | D:4      | Noticed Sigmund
  2413 | D:4      | Noticed Natasha
  2711 | D:4      | Killed Natasha
  2712 | D:4      | Reached skill level 1 in Transmutations
  2844 | D:5      | Entered Level 5 of the Dungeon
  2917 | D:5      | Noticed a centaur
  2943 | D:4      | Reached skill level 1 in Spellcasting
  2943 | D:4      | Reached XP level 6. HP: 36/50 MP: 5/7
  3020 | D:4      | Reached skill level 5 in Fighting
  3097 | D:4      | Noticed Natasha
  3110 | D:4      | Killed Natasha
  3143 | D:4      | Noticed Natasha
  3148 | D:4      | Killed Natasha
  3345 | D:5      | Reached skill level 5 in Armour
  3358 | D:5      | Found a white marble altar of Elyvilon.
  3396 | D:5      | Noticed an ice beast
  3404 | D:5      | Killed an ice beast
  3405 | D:5      | Reached XP level 7. HP: 54/56 MP: 8/10
  3454 | D:5      | You fall into a shaft and drop 3 floors!
  3716 | D:5      | Found a burning altar of Makhleb.
  3883 | D:5      | Reached skill level 6 in Fighting
  4024 | D:6      | Reached skill level 5 in Shields
  4024 | D:6      | Found a hide-covered altar of Uskayaw.
  4024 | D:6      | Found a basalt altar of Yredelemnul.
  4064 | D:6      | Reached XP level 8. HP: 43/64 MP: 12/12
  4697 | D:7      | Found an ancient bone altar of Kikubaaqudgha.
  4782 | D:7      | Reached skill level 7 in Fighting
  4802 | D:7      | Identified the +1 leather armour "Weulua" {*Corrode rElec
                  | rF+ Int+4}
  4830 | D:7      | Noticed Pikel
  5159 | D:7      | Reached skill level 5 in Transmutations
  5159 | D:7      | Reached XP level 9. HP: 63/72 MP: 15/15
  5209 | D:7      | Found a shimmering blue altar of Sif Muna.
  5217 | D:7      | Got Sif Muna's Discursus on the Wyrd and Relocation
  5231 | D:7      | Found a bloodstained altar of Trog.
  5321 | D:4      | Killed Sigmund
  5322 | D:4      | Reached skill level 5 in Axes
  5376 | D:4      | Found a staircase to the Ecumenical Temple.
  5382 | Temple   | Entered the Ecumenical Temple
  5387 | Temple   | Became a worshipper of Cheibriados the Contemplative
  5533 | D:4      | Bought a crude ring mail for 180 gold pieces
  5533 | D:4      | Identified the +6 ring mail "Zihixkuur" {Dex+3 Stlth+} (You
                  | bought it in a shop on level 4 of the Dungeon)
  5654 | D:7      | Killed Pikel
  5655 | D:7      | Reached skill level 8 in Fighting
  5655 | D:7      | Reached skill level 5 in Spellcasting
  5655 | D:7      | Reached skill level 1 in Invocations
  6518 | D:8      | Reached skill level 1 in Dodging
  6625 | D:9      | Found a shadowy altar of Dithmenos.
  6626 | D:9      | Noticed Maggie
  6647 | D:8      | Reached XP level 10. HP: 51/82 MP: 18/18
  7283 | D:8      | Found a sparkling altar of Nemelex Xobeh.
  7337 | D:9      | Reached * piety under Cheibriados
  7346 | D:9      | Reached skill level 9 in Fighting
  7495 | D:9      | Found a staircase to the Orcish Mines.
  7535 | D:9      | Noticed Joseph
  7541 | D:9      | Killed Joseph
  7544 | D:9      | Reached ** piety under Cheibriados
  7880 | D:9      | Noticed Grum
  7917 | D:9      | Killed Grum
  8049 | D:9      | Found a radiant altar of Vehumet.
  8158 | D:9      | Found a stormy altar of Qazlal.
  8434 | D:9      | Reached *** piety under Cheibriados
  8516 | D:9      | Found a shimmering altar of Xom.
  8654 | D:9      | Reached skill level 10 in Fighting
  8853 | D:9      | Reached **** piety under Cheibriados
  8855 | D:9      | Reached XP level 11. HP: 90/90 MP: 20/20
  9168 | D:10     | Entered Level 10 of the Dungeon
  9207 | D:10     | Noticed a five-headed hydra
  9208 | D:10     | Noticed a four-headed hydra
  9244 | D:10     | Noticed a two-headed ogre
  9298 | D:10     | Reached skill level 5 in Dodging
  9528 | D:10     | Killed a two-headed ogre
  9617 | D:10     | Noticed Lodul
  9848 | D:10     | Reached ***** piety under Cheibriados
 10282 | D:11     | Found a staircase to the Lair.
 10316 | D:11     | Reached skill level 11 in Fighting
 10416 | D:11     | Noticed a boulder beetle
 11203 | D:12     | Reached XP level 12. HP: 72/100 MP: 22/22
 11231 | D:13     | Reached skill level 12 in Fighting
 11406 | D:13     | Noticed a centaur warrior
 11422 | D:13     | Killed a centaur warrior
 11597 | D:13     | Noticed a boulder beetle
 11712 | D:12     | Reached skill level 5 in Invocations
 11713 | D:12     | Noticed a boulder beetle
 11751 | D:12     | Killed a boulder beetle
 12055 | D:12     | Identified the +4 quarterstaff of Moderation {freeze, *Rage
                  | rElec Will++ Dex+3}
 12068 | D:12     | Reached ****** piety under Cheibriados
 12781 | D:13     | Paralysed by an air elemental for 1 turns
 12785 | D:13     | Paralysed by an air elemental for 1 turns
 12789 | D:13     | Paralysed by an air elemental for 1 turns
 12976 | Lair:1   | Entered Level 1 of the Lair of Beasts
 13038 | Lair:1   | Reached skill level 13 in Fighting
 13249 | Lair:1   | Reached skill level 10 in Armour
 13278 | Lair:1   | Gained mutation: You can hop long distances. [Barachi
                  | growth]
 13278 | Lair:1   | Reached XP level 13. HP: 69/111 MP: 23/23
 14940 | Lair:2   | Found a staircase to the Snake Pit.
 15565 | Lair:2   | Reached skill level 14 in Fighting
 16220 | Lair:3   | Found a runed translucent gate.
 16220 | Lair:3   | Found a runed translucent gate.
 16274 | Lair:3   | Reached skill level 10 in Shields
 16493 | Lair:3   | Found a runed translucent gate.
 16496 | Lair:3   | Noticed a great orb of eyes
 16496 | Lair:3   | Noticed wpisznazwe's ghost (journeyman DsGl)
 16499 | Lair:3   | Found a viscous altar of Jiyva.
 17771 | D:4      | Bought a book of Fire for 440 gold pieces
 17777 | D:4      | Learned a level 5 spell: Fireball
 17781 | D:4      | Bought the +1 buckler of Quantum Leap {Str+4 Int+3 Stlth+}
                  | for 476 gold pieces
 17898 | Orc:1    | Entered Level 1 of the Orcish Mines
 17907 | Orc:1    | Reached XP level 14. HP: 86/121 MP: 24/24
 17933 | Orc:1    | Reached skill level 1 in Conjurations
 17933 | Orc:1    | Reached skill level 1 in Fire Magic
 18192 | Orc:1    | Noticed an orc warlord
 18192 | Orc:1    | Noticed a stone giant
 18193 | Orc:1    | Found a transporter.
 18361 | Orc:2    | Entered Level 2 of the Orcish Mines
 18660 | Orc:2    | Found a staircase to the Elven Halls.
 19161 | Orc:2    | Reached skill level 15 in Fighting
 19288 | Orc:2    | Found Kocwer's Antique Weapon Boutique.
 19290 | Orc:2    | Found Qurowidi's General Store.
 19290 | Orc:2    | Found Rojuder's Weapon Shop.
 19291 | Orc:2    | Found Payti's Armour Boutique.
 19306 | Orc:2    | Bought a twisted hand axe for 288 gold pieces
 19306 | Orc:2    | Identified the +1 hand axe of Precise Incision {antimagic,
                  | rElec rF- Will+++ SInv} (You bought it in a shop on level 2
                  | of the Orcish Mines)
 19405 | Orc:2    | Reached skill level 5 in Fire Magic
 19859 | Orc:1    | Found a transporter.
 20227 | D:9      | Killed Maggie
 20228 | D:9      | Reached skill level 5 in Conjurations
 20328 | D:10     | Killed Lodul
 20661 | D:10     | Noticed Maurice
 20663 | D:10     | Found Pedghaudd's Magic Scroll Shop.
 20673 | D:10     | Killed Maurice
 20684 | D:10     | Bought a scroll of acquirement for 624 gold pieces
 20684 | D:10     | Bought 3 scrolls of identify for 72 gold pieces
 20684 | D:10     | Bought a scroll of blinking for 90 gold pieces
 20690 | D:10     | Bought a scroll of identify for 24 gold pieces
 20693 | D:10     | Acquired the +8 war axe of Compassion {flame, Will+++ rCorr
                  | Str+4 Int-2}
 21089 | Lair:3   | Found a staircase to the Swamp.
 21539 | Lair:4   | Reached XP level 15. HP: 54/129 MP: 22/27
 22015 | Lair:4   | Found a runed translucent gate.
 22015 | Lair:4   | Found a runed translucent gate.
 22015 | Lair:4   | Found a runed translucent gate.
 22023 | Lair:4   | Noticed Haerphoy's ghost (journeyman MiFi)
 22052 | Lair:4   | Identified the staff of fire "Zahiloukh" {Fly rF+ Int+2}
 22364 | Lair:5   | Entered Level 5 of the Lair of Beasts
 22860 | Lair:5   | Found a runed translucent door.
 22860 | Lair:5   | Found a viscous altar of Jiyva.
 22861 | Lair:5   | Found a staircase to the Slime Pits.
 22866 | Lair:5   | Noticed an acid blob
 22879 | Lair:5   | Noticed Sonja
 22887 | Lair:5   | Killed Sonja
 23265 | Lair:5   | Learned a level 3 spell: Mephitic Cloud
 23344 | Lair:5   | Found a large runed translucent door.
 23344 | Lair:5   | Found a large runed translucent door.
 23686 | Snake:1  | Entered Level 1 of the Snake Pit
 24105 | Snake:1  | Noticed Aizul
 24149 | Lair:2   | Reduced skill Shapeshifting to level 5
 24149 | Lair:2   | Upgraded the game from 0.30-a0-1113-ga8025317a9 to
                  | 0.31-a0-1027-gfb7600b534
 24149 | Lair:2   | Upgraded the game from 0.31-a0-1027-gfb7600b534 to
                  | 0.32-a0-39-g5c88369fb2
 24493 | Snake:1  | Killed Aizul
 24494 | Snake:1  | Reached skill level 16 in Fighting
 24956 | Snake:1  | Noticed Azrael
 24988 | Snake:1  | Killed Azrael
 25685 | Snake:2  | Noticed Mlioglotl
 26256 | D:13     | Reached skill level 1 in Necromancy
 26283 | D:13     | Reached XP level 16. HP: 105/138 MP: 29/29
 26495 | D:14     | Learned a level 3 spell: Teleport Other
 26521 | D:14     | Found a gate to the Vaults.
 27297 | D:14     | Found a shimmering blue altar of Sif Muna.
 27632 | D:15     | Entered Level 15 of the Dungeon
 27911 | D:15     | Noticed Roxanne
 28237 | D:15     | Found a staircase to the Depths.
 28728 | D:15     | Identified the amulet of Dunweak {rC+ Regen+ MP-9 Dex+2}
 28912 | Depths:1 | Entered Level 1 of the Depths
 28917 | Depths:1 | Noticed a shadow dragon
 28953 | Depths:1 | Reached skill level 10 in Axes
 28956 | Depths:1 | Killed a shadow dragon
 29396 | Depths:1 | Found Tutoobih's Assorted Antiques.
 29399 | Depths:1 | Found Ileruk's Weapon Shoppe.
 29403 | Depths:1 | Found Waesmarch's Jewellery Shoppe.
 29403 | Depths:1 | Found Kaeruadd's Antique Armour Emporium.
 29438 | Depths:1 | Reached skill level 17 in Fighting
 29460 | Depths:1 | Bought a glowing cloak for 277 gold pieces
 29460 | Depths:1 | Bought a scroll of teleportation for 111 gold pieces
 29460 | Depths:1 | Bought a scroll of teleportation for 111 gold pieces
 29519 | Depths:1 | Noticed a tengu reaver
 29524 | Depths:1 | Killed a tengu reaver
 29635 | Depths:1 | Found a gateway to Hell.
 29756 | Depths:1 | HP: 3/141 [iron troll (15)]
 29780 | Depths:1 | Reached XP level 17. HP: 124/147 MP: 11/30
 29781 | Depths:1 | Reached skill level 10 in Spellcasting
 29782 | Depths:1 | Reached skill level 10 in Fire Magic
 29783 | Depths:1 | Reached skill level 10 in Conjurations
 29788 | Depths:1 | Reached skill level 10 in Dodging
 29904 | Depths:1 | Found Kureini's Specific Store.
 29904 | Depths:1 | Found Taamuga's General Store.
 29935 | Depths:1 | Found a white marble altar of Elyvilon.
 29935 | Depths:1 | Found a glowing silver altar of Zin.
 29936 | Depths:1 | Found a glowing golden altar of the Shining One.
 30754 | Depths:1 | Found a one-way gate leading to the halls of Pandemonium.
 31240 | Swamp:1  | Entered Level 1 of the Swamp
 32285 | Swamp:2  | Identified the +1 ring mail of Qeuttiq {rC+}
 32668 | Swamp:3  | Reached skill level 18 in Fighting
 32753 | Swamp:3  | Reached skill level 10 in Invocations
 33782 | Swamp:4  | Entered Level 4 of the Swamp
 34327 | Swamp:4  | Reached skill level 1 in Translocations
 35063 | Swamp:3  | Reached XP level 18. HP: 56/158 MP: 27/32
 35522 | Swamp:4  | Identified the +3 ring mail "Xitradif" {rElec Will+ Str+3}
 35737 | Swamp:4  | HP: 7/158 [six-headed hydra (9)]
 35744 | Swamp:3  | HP: 6/158 [poisoned by a swamp dragon (poison gas)]
 36419 | Swamp:4  | Noticed the 27-headed Lernaean hydra
 36428 | Swamp:4  | Killed the 27-headed Lernaean hydra
 36612 | Swamp:4  | Got a decaying rune of Zot
 36863 | Snake:2  | Killed Mlioglotl
 37854 | Snake:3  | Learned a level 6 spell: Starburst
 38538 | Snake:3  | Reached skill level 19 in Fighting
 39621 | Snake:3  | Identified the +6 shortbow "Beastslayer" {drain, Int+3}
 39636 | Snake:3  | Killed from afar by a salamander tyrant

Illustrated notes

Levels and vault maps discovered:
D:1:      lightli_arrival_flooded_house, layout_loops_ring,
          nicolae_ecumenical_snake_handling
D:2:      layout_basic, minmay_gold_behind_fungi, minmay_lizard_pond,
          uniq_crazy_yiuf_cottage
D:3:      layout_rooms, serial_shops, nicolae_shop_real_fake_doors
D:4:      layout_basic, minmay_temple_entry_enclosed_plants,
          minmay_misc_feat_iff, minmay_shop_grid_forest, uniq_sigmund,
          uniq_natasha
D:5:      layout_loops_ring, makhleb_grotto_becter, lemuel_round_altar
D:6:      layout_rooms, gammafunk_temple_overflow_statue
D:7:      layout_cave_pools, nzn_overflow_gifts_of_might_and_magic,
          old_standard_altar, kennysheep_generic_room_8, uniq_pikel
D:8:      layout_rooms, nemelex_diamond_rough_becter, eino_jars
D:9:      kennysheep_housing_project, layout_basic, kennysheep_little_box,
          tgw_xom, chequers_temple_overflow_statue_of_worship,
          hiddenorc2_lemuel, uniq_grum, uniq_joseph, uniq_maggie
D:10:     layout_gridville, serial_rivers, chequers_serial_rivers_large_b,
          chequers_serial_rivers_room_b, chequers_serial_rivers_micro_a,
          chequers_serial_rivers_small_b, serial_shops, shop,
          onia_ninara_dug_in_and_dangerous, uniq_maurice, uniq_lodul
D:11:     layout_cave_pools, due_lair_maze_entry_diamond
D:12:     layout_irregular_city
D:13:     layout_basic, dreamdust_looks_like_rain
D:14:     nicolae_cairo_tiling_very_big, layout_irregular_city, david_vaults_1,
          lemuel_blue_sif_altar, kennysheep_big_empty_room,
          hangedman_abyss_or_decor_stagger
D:15:     grunt_enter_depths_magical_seal, layout_basic,
          minmay_misc_feat_ornament, uniq_roxanne
Temple:   hellmonk_temple_micro_hex
Lair:1:   layout_regular_city, beast_lair_carwin_5, lemuel_fruit_tree,
          serial_bayou_shore_b, infiniplex_staircase_pool
Lair:2:   layout_cave_pods, dummy_snake_entry, columned_hall_lemuel,
          nicolae_quartered_pool_medium
Lair:3:   layout_cave_pods, palyth_hydra_swamp_entry, gammafunk_ghost_ooze,
          worms_lemuel, grunt_megastairs_2
Lair:4:   regret_index_tunnel_blossom, layout_loops_ring,
          gammafunk_ghost_necromancy, chequers_serial_rivers_micro_c
Lair:5:   cheibrodos_lair_end_hotspot, layout_regular_city, slime_entry_2,
          minivault_25, nicolae_lair_grove_arrangements, uniq_sonja
Swamp:1:  layout_basic_swamp, evilmike_swamp_ruin_house_1
Swamp:2:  layout_basic_swamp, evilmike_swamp_ruin_house_2
Swamp:3:  layout_falls_marsh, serial_swamp_ruin, evilmike_swamp_ruin_wall,
          evilmike_swamp_ruin_house_5, evilmike_swamp_ruin_house_3,
          swamp_pool_1_2, nicolae_swamp_trees_clearing,
          nicolae_swamp_some_circles
Swamp:4:  swamp_old_school, layout_basic_swamp
Snake:1:  layout_chambers, uniq_azrael, uniq_aizul
Snake:2:  layout_misc_corridors, uniq_mlioglotl
Snake:3:  layout_concentric_octagons, nicolae_snake_flat_spine,
          nicolae_snake_scaly_snakehead
Orc:1:    gammafunk_beogh_shrine, layout_diamond_mine
Orc:2:    st_orc_pillars, layout_diamond_mine, portal_ice_cave_entry_pillars_2
Depths:1: layout_forbidden_donut, good_gods_mini_temple, grunt_pan_entry_zigzag,
          grunt_hell_entry_dis_grunt, minmay_misc_feat_cross,
          nicolae_shop_national_dungeon_mall, nicolae_specific_store,
          st_stairs_2, grunt_ministairs_5, kennysheep_just_a_vault

Skill      XL: |  1  2  3  4  5  6  7  8  9 10 11 12 13 14 15 16 17 18 |
---------------+-------------------------------------------------------+-----
Armour         | 4 5 6 7 8 10 11 12 13 | 13.6
Fighting       | 4 5 6 7 8 10 11 13 14 15 16 17 18 19 | 19.2
Axes           | 3 4 5 6 8 9 10 11 12 | 12.3
Shields        | 4 5 6 7 8 9 10 11 12 | 12.1
Transmutations | 1 2 3 5 6 |  0.0
Spellcasting   | 1 2 3 4 5 6 7 8 9 10 | 10.4
Invocations    | 1 3 4 5 6 7 8 9 10 | 10.7
Dodging        | 1 4 6 7 9 10 11 | 11.5
Conjurations   | 6 9 10 | 10.0
Fire Magic     | 6 9 10 | 10.5
Shapeshifting  | 5 |  5.7
Alchemy        | 6 |  6.2
Necromancy     | 1 3 |  3.0
Translocations | 1 4 |  4.0

Action                     |  1- 3 |  4- 6 |  7- 9 | 10-12 | 13-15 | 16-18 || total
---------------------------+-------+-------+-------+-------+-------+-------++-------
  Melee: War axe           |   142 |    97 |       |       |       |       ||   239
         Hand axe          |       |    36 |   332 |   870 |  1450 |  1365 ||  4053
  Throw: Dart              |       |       |       |     3 |     3 |       ||     6
   Cast: Fugue of the Fall |       |       |     1 |    43 |    79 |    15 ||   138
         Fireball          |       |       |       |       |    10 |   129 ||   139
         Mephitic Cloud    |       |       |       |       |       |     3 ||     3
         Teleport Other    |       |       |       |       |       |     1 ||     1
         Starburst         |       |       |       |       |       |     2 ||     2
 Invoke: Bend Time         |       |       |       |     3 |       |       ||     3
         Slouch            |       |       |       |       |     4 |     9 ||    13
         Temporal Distorti |       |       |       |       |       |     7 ||     7
Ability: Hop               |     1 |     3 |     2 |     7 |     2 |    17 ||    32
  Evoke: Wand              |       |       |       |       |     3 |     2 ||     5
         Phantom mirror    |       |       |       |       |     1 |     2 ||     3
         Box of beasts     |       |       |       |       |       |     1 ||     1
    Use: Scroll            |       |     2 |     5 |     6 |    28 |    10 ||    51
         Potion            |       |     1 |     1 |     6 |    10 |    14 ||    32
   Stab: Invisible         |       |       |       |     5 |    30 |       ||    35
         Sleeping          |       |       |       |       |     4 |     3 ||     7
         Distracted        |       |       |       |       |     2 |     3 ||     5
         Confused          |       |       |       |       |       |    13 ||    13
 Armour: Scale mail        |    80 |    64 |    23 |       |       |       ||   167
         Chain mail        |       |       |   129 |       |       |       ||   129
         Ring mail         |       |       |    81 |   287 |   473 |   956 ||  1797
  Dodge: Dodged            |    82 |    46 |   119 |   569 |  1215 |  1259 ||  3290
  Block: Buckler           |    34 |    51 |    93 |   430 |   782 |   758 ||  2148

Table legend: (Time is in decaauts)
 A = Elapsed time spent in this place.
 B = Non-inter-level travel time spent in this place.
 C = Inter-level travel time spent in this place.
 D = Time resting spent in this place.
 E = Time spent auto-exploring this place.
 F = Levels seen in this place.
 G = Mean time per level.
                   A        B        C        D        E       F      G
               +--------+--------+--------+--------+--------+-----+--------+
         Total |  61667 |  56439 |   5228 |   4483 |  38609 |  31 | 1989.3 |
       Dungeon |  25465 |  22932 |   2533 |   2368 |  13702 |  15 | 1697.7 |
        Temple |     15 |     15 |      0 |      0 |      0 |   1 |   15.0 |
          Lair |  14306 |  12653 |   1653 |   1608 |   8628 |   5 | 2861.2 |
         Swamp |   7734 |   7375 |    359 |      0 |   6255 |   4 | 1933.5 |
     Snake Pit |   7317 |   7010 |    307 |      0 |   5885 |   3 | 2439.0 |
  Orcish Mines |   3982 |   3687 |    295 |    507 |   1902 |   2 | 1991.0 |
        Depths |   2844 |   2765 |     79 |      0 |   2235 |   1 | 2844.0 |
               +--------+--------+--------+--------+--------+-----+--------+

Top non-repeatable levels by time:
  Lair:2: 3813 daAuts
  Lair:3: 3487 daAuts
 Swamp:3: 3350 daAuts
    D:10: 3281 daAuts
 Snake:1: 3263 daAuts
     D:9: 2876 daAuts
Depths:1: 2844 daAuts
 Snake:3: 2533 daAuts
  Lair:1: 2475 daAuts
    D:15: 2411 daAuts
  Lair:5: 2350 daAuts
   Orc:2: 2327 daAuts
  Lair:4: 2180 daAuts
    D:14: 2136 daAuts
    D:13: 2130 daAuts
